 Dungeon Crawl Stone Soup version 0.26-a0-466-g989023bd0d (webtiles) character file.

Game seed: 13343805771700582607

4 bmfx the Covert (level 1, -5/23 HPs)
             Began as a Gnoll Delver on Aug 10, 2020.
             Killed by nerve-wracking pain
             ... invoked by an orc priest
              (13 damage)
             ... on level 4 of the Dungeon.
             The game lasted 00:01:35 (301 turns).

bmfx the Covert (Gnoll Delver)                       Turns: 301, Time: 00:01:36

Health: -5/23      AC:  6    Str: 14    XL:     1   Next: 60%
Magic:  1/1        EV: 13    Int: 12    God:
Gold:   46         SH:  0    Dex: 16    Spells: 0/0 levels left

rFire    . . .     SeeInvis .   a - +0 spear
rCold    . . .     Faith    .   (no shield)
rNeg     . . .     Spirit   .   h - +0 ring mail
rPois    .         Reflect  .   (no helmet)
rElec    .         Harm     .   (no cloak)
rCorr    .                      (no gloves)
MR       .....                  d - +0 pair of boots
Stlth    ++++......             (no amulet)
HPRegen  0.07/turn              (no ring)
MPRegen  0.07/turn              (no ring)

@: hasted, very quick
A: distributed training, fangs 1, strong nose
a: no special abilities


You were on level 4 of the Dungeon.
You visited 1 branch of the dungeon, and saw 2 of its levels.

You collected 46 gold pieces.


Innate Abilities, Weirdness & Mutations

Your experience applies equally to all skills.
You have very sharp teeth.
Your uncanny sense of smell can sniff out nearby items.

Dungeon Overview and Level Annotations

Branches:
Dungeon (5/15)             Temple (0/1) D:4

Altars:
Gozag
Zin


   Skills:
 + Level 6.4 Fighting
 + Level 0.1 Short Blades
 + Level 0.1 Long Blades
 + Level 0.1 Axes
 + Level 0.1 Maces & Flails
 + Level 4.4 Polearms
 + Level 0.1 Staves
 + Level 0.1 Slings
 + Level 0.1 Bows
 + Level 0.1 Crossbows
 + Level 0.1 Throwing
 + Level 0.1 Armour
 + Level 4.4 Dodging
 + Level 9.5 Stealth
 + Level 0.1 Shields
 + Level 0.1 Unarmed Combat
 + Level 0.1 Spellcasting
 + Level 0.1 Conjurations
 + Level 0.1 Hexes
 + Level 0.1 Summonings
 + Level 0.1 Necromancy
 + Level 0.1 Translocations
 + Level 0.1 Transmutations
 + Level 0.1 Fire Magic
 + Level 0.1 Ice Magic
 + Level 0.1 Air Magic
 + Level 0.1 Earth Magic
 + Level 0.1 Poison Magic
 + Level 0.2 Invocations
 + Level 0.1 Evocations


You couldn't memorise any spells.
You didn't know any spells.
Your spell library was empty.

Action                   || total
-------------------------++-------
Melee: Spear             ||    24
       Bite              ||     4
  Use: Scroll            ||     1
       Potion            ||     1
Armor: Ring mail         ||     3
Dodge: Dodged            ||     5

Skill      XL: | |
---------------+-+-----
Stealth        | |  9.5
Fighting       | |  6.4
Short Blades   | |  0.1
Long Blades    | |  0.1
Axes           | |  0.1
Maces & Flails | |  0.1
Polearms       | |  4.4
Staves         | |  0.1
Slings         | |  0.1
Bows           | |  0.1
Crossbows      | |  0.1
Throwing       | |  0.1
Armour         | |  0.1
Dodging        | |  4.4
Shields        | |  0.1
Unarmed Combat | |  0.1
Spellcasting   | |  0.1
Conjurations   | |  0.1
Hexes          | |  0.1
Summonings     | |  0.1
Necromancy     | |  0.1
Translocations | |  0.1
Transmutations | |  0.1
Fire Magic     | |  0.1
Ice Magic      | |  0.1
Air Magic      | |  0.1
Earth Magic    | |  0.1
Poison Magic   | |  0.1
Invocations    | |  0.2
Evocations     | |  0.1

Inventory:

Hand Weapons
 a - a +0 spear (weapon)
Armour
 d - a +0 pair of boots (worn)
 h - a +0 ring mail (worn)
Wands
 g - a wand of digging (3)
Scrolls
 b - a scroll of random uselessness {unknown}
 c - a scroll of fog
 e - a scroll of fear

.#.8.8.8.# o...⌠.⌠..#
..o8.>.8.# ######
o...⌠.⌠..####....#######
#.8.8.8.##.......##...#
##.......#..#..8...#...####
........##.###.........(..#
....(....#.#.#..8.##......#
.......#.#.#_@.)..##......####
.........o.#.#o.8..'..........
####.###.#o###....##......####
#. #.#..#..8.###.......... #
#.##.o...## #...[......
#.######## #.......... #.#
#.)........ #.# #.......... #.
#####......


You could see an orc priest.

Vanquished Creatures
  2 orcs (D:4)
2 creatures vanquished.

Levels and vault maps discovered:
D:4:      layout_basic, zin_statuary, minmay_temple_entry_statues_fountains,
          nicolae_tso_besieged_by_evil
D:5:      layout_cave_pools, nicolae_gozag_cash_rules_everything_around_me,
          eino_tiny_chamber


Message History

The orc priest is heavily wounded.
You closely miss the orc priest.
The orc priest is heavily wounded.
The orc priest closely misses you.
You hit the orc priest.
The orc priest is heavily wounded.
You barely miss the orc priest. You bite the orc priest.
The orc priest is heavily wounded.
The orc priest completely misses you.
You hit the orc priest.
The orc priest is severely wounded.
The orc priest hits you.
You barely miss the orc priest.
The orc priest is severely wounded.
You hit the orc priest.
The orc priest is severely wounded.
The orc priest calls down the wrath of Beogh upon you.
Pain shoots through your body!
Ouch! That really hurt!
You die...

Notes
Turn   | Place    | Note
-------+----------+-------------------------------------------
     0 | D:5      | Reached skill level 9 in Stealth
     0 | D:5      | bmfx the Gnoll Delver began the quest for the Orb.
     0 | D:5      | Reached XP level 1. HP: 23/23 MP: 1/1
     3 | D:5      | Found an opulent altar of Gozag.
    35 | D:5      | Noticed an ogre
   136 | D:4      | Found a glowing silver altar of Zin.
   148 | D:4      | Found a staircase to the Ecumenical Temple.
   150 | D:4      | Noticed an orc priest
   301 | D:4      | Killed from afar by an orc priest
